 Dungeon Crawl Stone Soup version 0.32-a0-656-g3542139ebd (webtiles) character file.

Game seed: 18337275683936655869

6043 Dittersdorf the Protected (level 10, -1/66 HPs)
             Began as a Gargoyle Fighter on Mar 8, 2024.
             Was an Initiate of Gozag.
             Slain by a spectral orc warrior
             ... wielding a +0 trident
             ... summoned by Nergalle
              (7 damage)
             ... on level 10 of the Dungeon.
             The game lasted 00:10:39 (9703 turns).

Dittersdorf the Protected (Gargoyle Fighter)        Turns: 9703, Time: 00:10:40

Health: -1/66      AC: 29    Str: 24    XL:     10   Next: 87%
Magic:  10/10      EV:  8    Int:  9    God:    Gozag
Gold:   1139       SH:  6    Dex:  9    Spells: 9/9 levels left

rFire   + . .        l - +1 flail (protect)
rCold   . . .        c - +0 buckler
rNeg    + . .        t - +0 chain mail
rPois   ∞            s - +1 helmet
rElec   +            (no cloak)
rCorr   .            (no gloves)
SInv    .            m - +0 pair of boots
Will    .....        v - amulet of the acrobat Stlth
                     n - ring of protection from fire
HPRegen 0.31/turn    (no ring)
MPRegen 0.12/turn

%: acrobat
@: under a protective aura, slowed, very slow
A: sickness immunity, AC +7, negative energy resistance 1, electricity
resistance, torment resistance 1, petrification resistance
a: Renounce Religion, Potion Petition, Call Merchant, Bribe Branch


You were on level 10 of the Dungeon.
You worshipped Gozag.
Gozag was most pleased with you.
You visited 1 branch of the dungeon, and saw 10 of its levels.
You also visited: Ossuary.

You collected 1218 gold pieces.
You paid 79 gold pieces to Gozag.

Inventory:

Hand Weapons
 a - a +0 morningstar
 l - a +1 flail of protection (weapon)
Missiles
 g - a throwing net
Armour
 c - a +0 buckler (worn)
 m - a +0 pair of boots (worn)
 s - a +1 helmet (worn)
 t - a +0 chain mail (worn)
Jewellery
 n - a ring of protection from fire (left hand)
 q - an amulet of guardian spirit
 v - an amulet of the acrobat (around neck)
Wands
 p - a wand of digging (3)
Scrolls
 b - a scroll of fear
 o - 2 scrolls of teleportation
 u - 2 scrolls of enchant armour
 w - a scroll of fog
Potions
 d - a potion of might
 e - 4 potions of haste
 f - 3 potions of mutation
 i - 5 potions of heal wounds
 j - 3 potions of enlightenment
 k - a potion of ambrosia
 r - 6 potions of curing
 x - 2 potions of brilliance {unknown}


   Skills:
 + Level 9.4 Fighting
 + Level 8.3 Maces & Flails
 + Level 9.4 Armour
 + Level 9.4 Shields


You had 9 spell levels left.
You didn't know any spells.
Your spell library contained the following spells:

 Spells                   Type           Power      Damage    Failure   Level
 Magic Dart               Conj           0%         1d3       90%         1
 Blink                    Tloc           0%         N/A       97%         2
 Call Imp                 Summ           0%         N/A       97%         2
 Searing Ray              Conj           0%         2d4       97%         2
 Call Canine Familiar     Summ           0%         N/A       99%         3
 Dazzling Flash           Conj/Hex       0%         N/A       99%         3
 Gell's Gravitas          Tloc           0%         N/A       99%         3
 Sigil of Binding         Hex            0%         N/A       99%         3
 Teleport Other           Tloc           0%         N/A       99%         3
 Volatile Blastmotes      Fire/Tloc      0%         2d10      99%         3
 Dimensional Bullseye     Hex/Tloc       0%         N/A       100%        4
 Fulminant Prism          Conj/Alch      0%         3d5       100%        4
 Summon Blazeheart Golem  Fire/Summ      0%         N/A       100%        4
 Dispersal                Tloc           0%         N/A       100%        6
 Starburst                Conj/Fire      0%         6d3       100%        6
 Orb of Destruction       Conj           0%         9d5       100%        7
 Spellforged Servitor     Conj/Summ      0%         N/A       100%        7
 Maxwell's Capacitive Co  Air            0%         ∞         100%        8


Dungeon Overview and Level Annotations

Branches:
Dungeon (10/15)            Temple (0/1) D:6         Ossuary (visited)
   Lair: D:8-11         Orc: D:9-12

Altars:
Cheibriados
Gozag
Kikubaaqudgha
Nemelex Xobeh
Qazlal
Ru
Trog
Wu Jian
Zin
The Shining One

Shops:
D:4 !*=

Annotations:
D:10 Nergalle


Innate Abilities, Weirdness & Mutations

You are immune to sickness and miasma.
Your stone body is resilient. (AC +7)
You are immune to poison.
You resist negative energy. (rN+)
You are resistant to electric shocks. (rElec)
You are resistant to unholy torment.
You are immune to petrification.


Message History

Nergalle closely misses you. You block the orc's attack.
The orc priest hits you but does no damage.
A kobold comes into view.
It is wielding a +0 dagger and quivering poisoned darts.
A kobold comes into view. It is wielding a +0 short sword.
The wraith closely misses you.
The kobold hits you but does no damage. x2
Nergalle hits you but does no damage. The orc hits you with a +0 war axe.
* * * LOW HITPOINT WARNING * * *
You barely miss Nergalle.
Nergalle is almost dead.
The kobold shouts! x2; You hear a shout!
The orc misses you.
The orc priest casts a cantrip, but nothing happens.
The kobold hits you but does no damage. The wraith hits you but does no damage.
The kobold closely misses you. Nergalle closely misses you.
The orc hits you with a +0 war axe.
* * * LOW HITPOINT WARNING * * *
The orc priest hits you but does no damage.
The kobold hits you but does no damage. You block the wraith's attack.
You hit Nergalle.
Nergalle is almost dead.
The orc closely misses you. The kobold hits you but does no damage.
Nergalle calls out: "Morun, Herok, Ugbert - to me!"
The long-dead rise up around you.
The orc priest hits you with a +0 hand axe.
* * * LOW HITPOINT WARNING * * *
The wraith hits you but does no damage. The kobold barely misses you.
The orc closely misses you. Nergalle hits you but does no damage.
The kobold hits you but does no damage.
As you read the scroll of fear, it crumbles to dust.
You assume a fearsome visage.
The spectral orc knight is unaffected.
The spectral orc warrior is unaffected. x2; Nergalle looks frightened!
The orc priest looks frightened!
The orc looks frightened!
The kobold brigand looks frightened!
The kobold looks frightened! x6
The wraith is unaffected.
The orc cowers, then darts away.
The wraith hits you but does no damage.
Nergalle prays for help.
The spectral orc warrior hits you from afar with a +0 trident!
You die...
Your body crumbles into a pile of gold.

...## .#.. ## ## ...
. ... #K##.#....
#.K#...#
#######K....#
#...KZo.KK..#
#...ZZ..K##...#
#..o..@W.# .#
###########........#
..................o#
.##########........#
## #........#
#..........
#........##
#........#
..#.......


You could see Nergalle (fleeing), 2 spectral orc warriors, a spectral orc knight
(summoned), a wraith, a kobold brigand (fleeing), an orc priest (fleeing), an
orc (fast, fleeing) and 6 kobolds.

Vanquished Creatures
  Josephine (D:10)
  A deep elf pyromancer (D:9)
  Sigmund (D:4)
  3 wraiths (D:10)
  2 steam dragons (D:9)
  Edmund (D:4)
  Menkaure (Ossuary)
  An orc warrior (D:7)
  3 ice beasts
  A sky beast (D:8)
  3 black bears
  2 ogres
  2 centaurs
  2 phantoms
  5 bullfrogs
  A gnoll sergeant (D:9)
  A scorpion (D:6)
  15 wights
  4 killer bees
  5 howler monkeys
  3 hounds
  A jelly (D:4)
  3 orc priests
  4 iguanas
  Jessica (D:2)
  7 orc wizards
  4 sleepcaps
  3 mummies (Ossuary)
  Robin (D:4)
  10 gnolls
  12 adders
  A shadow imp (D:8)
  2 white imps
  5 dart slugs
  3 ribbon worms (D:2)
  20 orcs
  8 ball pythons
  8 bats
  9 endoplasms
  A giant cockroach (D:1)
  6 gnoll zombies (Ossuary)
  13 goblins
  7 hobgoblins
  9 kobolds
  4 quokkas
  2 frilled lizards
  4 gnoll skeletons (Ossuary)
  2 goblin skeletons (Ossuary)
  7 goblin zombies
  4 hobgoblin skeletons (Ossuary)
  2 hobgoblin zombies (Ossuary)
  5 kobold skeletons (Ossuary)
  3 kobold zombies (Ossuary)
  3 orc skeletons (Ossuary)
  4 orc zombies (Ossuary)
  7 rats
  7 rat skeletons (Ossuary)
  5 rat zombies
255 creatures vanquished.

Vanquished Creatures (others)
  A sky beast (D:7)
1 creature vanquished.

Grand Total: 256 creatures vanquished

Notes
Turn   | Place    | Note
-------+----------+-------------------------------------------
     0 | D:1      | Dittersdorf the Gargoyle Fighter began the quest for the
                  | Orb.
     0 | D:1      | Reached XP level 1. HP: 14/14 MP: 1/1
   193 | D:1      | Reached XP level 2. HP: 19/19 MP: 2/2
   551 | D:2      | Reached XP level 3. HP: 24/24 MP: 3/3
   578 | D:2      | Reached XP level 4. HP: 19/29 MP: 4/4
  1002 | D:2      | Reached XP level 5. HP: 14/33 MP: 5/5
  1250 | D:2      | Found a bloodstained altar of Trog.
  1444 | D:2      | Noticed Jessica
  1451 | D:2      | Killed Jessica
  2442 | D:4      | Found Nobevafio's Distillery.
  2499 | D:4      | Reached XP level 6. HP: 28/39 MP: 6/6
  2557 | D:4      | Found an ancient bone altar of Kikubaaqudgha.
  2608 | D:4      | Found a sand-covered staircase.
  2626 | Ossuary  | Entered an ossuary
  2989 | Ossuary  | Noticed Menkaure
  3004 | Ossuary  | Killed Menkaure
  3005 | Ossuary  | Reached skill level 5 in Fighting
  3005 | Ossuary  | Reached skill level 5 in Armour
  3005 | Ossuary  | Reached skill level 5 in Shields
  3005 | Ossuary  | Reached XP level 7. HP: 8/44 MP: 7/7
  3242 | D:4      | Found a sparkling altar of Nemelex Xobeh.
  3261 | D:4      | Found Norist's Assorted Antiques.
  3276 | D:4      | Noticed Sigmund
  3284 | D:4      | Killed Sigmund
  3355 | D:4      | Noticed Robin
  3363 | D:4      | Killed Robin
  3401 | D:4      | Found Ladacomi's Jewellery Emporium.
  3547 | D:4      | Noticed Edmund
  3577 | D:4      | Killed Edmund
  3612 | D:4      | Reached XP level 8. HP: 26/51 MP: 5/8
  3729 | D:4      | Found an opulent altar of Gozag.
  3738 | D:4      | Became a worshipper of Gozag Ym Sagoz the Greedy
  3839 | D:5      | Entered Level 5 of the Dungeon
  3979 | D:5      | Found an ornate altar of the Wu Jian Council.
  4049 | D:5      | Reached skill level 5 in Maces & Flails
  5100 | D:6      | Found a staircase to the Ecumenical Temple.
  5474 | D:6      | Reached XP level 9. HP: 57/57 MP: 9/9
  5474 | D:6      | Found a snail-covered altar of Cheibriados.
  6644 | D:7      | Found a sacrificial altar of Ru.
  7885 | D:8      | Reached XP level 10. HP: 37/64 MP: 6/10
  8231 | D:9      | Noticed a deep elf pyromancer
  8239 | D:9      | Killed a deep elf pyromancer
  8402 | D:9      | Found a stormy altar of Qazlal.
  9031 | D:9      | Found a glowing silver altar of Zin.
  9031 | D:9      | Found a glowing golden altar of the Shining One.
  9418 | D:10     | Entered Level 10 of the Dungeon
  9481 | D:10     | Noticed Josephine
  9495 | D:10     | Killed Josephine
  9684 | D:10     | Noticed Nergalle
  9694 | D:10     | Identified the +6 chain mail of the Spider Nest {Rampage
                  | rN+ MP+9}
  9703 | D:10     | Slain by a spectral orc warrior

Illustrated notes

Levels and vault maps discovered:
D:1:      matt_arrival_diagonals, layout_rooms, nicolae_kite_square_tiling_tiny
D:2:      layout_loops_ring, basic_altar, minmay_mini_jars, uniq_jessica
D:3:      layout_basic
D:4:      layout_basic, mainiacjoe_overflow_cross_hatched,
          nemelex_diamond_rough_becter,
          nicolae_gozag_cash_rules_everything_around_me, serial_shops, shop,
          shop, nicolae_stop_n_shop_1, enter_ossuary_4, lightli_corner_chamber,
          uniq_edmund, uniq_robin, uniq_sigmund
D:5:      layout_basic, nicolae_wu_jian_glorious_leap, serial_corexii_hall,
          corexii_hall_statues_u, corexii_hall_statues_t,
          nicolae_figureground_sparkle
D:6:      layout_basic, mainiacjoe_overflow_concentric_impassable,
          minmay_temple_entry_wispy
D:7:      layout_basic, nicolae_ru_path_of_blood
D:8:      layout_loops_ring, nicolae_zig_zag_zippers
D:9:      layout_cave_pools, chequers_temple_overflow_statue_of_worship,
          nicolae_qazlal_scattered_showers, minmay_misc_feat_x,
          small_chamber_with_monster
D:10:     layout_rooms, uniq_josephine, uniq_nergalle

Skill      XL: |  1  2  3  4  5  6  7  8  9 10 |
---------------+-------------------------------+-----
Fighting       | 4 5 7 8 9 |  9.4
Armour         | 4 5 7 8 9 |  9.4
Shields        | 4 5 6 8 9 |  9.4
Maces & Flails | 3 4 5 7 8 |  8.3

Action                     |  1- 3 |  4- 6 |  7- 9 | 10-12 || total
---------------------------+-------+-------+-------+-------++-------
  Melee: Flail             |    52 |   348 |   498 |   213 ||  1111
  Evoke: Wand              |       |       |     1 |     2 ||     3
    Use: Scroll            |       |     8 |    12 |     4 ||    24
         Potion            |       |       |     1 |       ||     1
 Armour: Scale mail        |    35 |   248 |   204 |       ||   487
         Chain mail        |       |       |   267 |   260 ||   527
  Dodge: Dodged            |    30 |   141 |   242 |   135 ||   548
  Block: Buckler           |     9 |    75 |   137 |    67 ||   288

Table legend: (Time is in decaauts)
 A = Elapsed time spent in this place.
 B = Non-inter-level travel time spent in this place.
 C = Inter-level travel time spent in this place.
 D = Time resting spent in this place.
 E = Time spent auto-exploring this place.
 F = Levels seen in this place.
 G = Mean time per level.
                   A        B        C        D        E       F      G
               +--------+--------+--------+--------+--------+-----+--------+
         Total |   9909 |   9359 |    550 |    866 |   6117 |  11 |  900.8 |
       Dungeon |   9287 |   8737 |    550 |    727 |   5963 |  10 |  928.7 |
       Ossuary |    621 |    621 |      0 |    139 |    154 |   1 |  621.0 |
               +--------+--------+--------+--------+--------+-----+--------+

Top non-repeatable levels by time:
     D:5: 1350 daAuts
     D:7: 1172 daAuts
     D:8: 1167 daAuts
     D:2: 1143 daAuts
     D:6: 1040 daAuts
     D:4: 910 daAuts
     D:9: 845 daAuts
     D:3: 840 daAuts
 Ossuary: 621 daAuts
     D:1: 516 daAuts
    D:10: 299 daAuts
